 Dungeon Crawl Stone Soup version 0.26.0-16-gc1dbca0489 (webtiles) character file.

Game seed: 18125738126358940814

152259 sipior the Stormcaller (level 17, -37/108 HPs)
             Began as a Tengu Air Elementalist on Jan 20, 2021.
             Was the Champion of Vehumet.
             Killed by miscasting Tornado (42 damage)
             ... on level 4 of the Swamp on Jan 21, 2021.
             The game lasted 03:42:10 (43294 turns).

sipior the Stormcaller (Tengu Air Elementalist)    Turns: 43294, Time: 03:42:10

Health: -37/108    AC: 17    Str: 22    XL:     17   Next: 57%
Magic:  4/34       EV: 20    Int: 23    God:    Vehumet [******]
Gold:   3060       SH: 13    Dex: 15    Spells: 4/40 levels left

rFire    . . .     SeeInvis +   a - +8 demon blade (vorpal)
rCold    . . .     Faith    .   D - +3 buckler
rNeg     . . .     Spirit   .   P - +6 leather armour "Ilemahyris" {Will++ Str+4 Int-2 SInv}
rPois    +         Reflect  +   R - +2 hat
rElec    .         Harm     .   S - +2 cloak
rCorr    .         Rampage  .   v - +2 pair of gloves
Will     +++..                  (boots unavailable)
Stlth    +.........             L - amulet of reflection
HPRegen  0.28/turn              O - +6 ring of intelligence
MPRegen  0.24/turn              A - ring of Egeurru {rPois Str+6}

@: flying quickly and evasively, contaminated, glowing, quick
A: beak, talons 3, able to fly
a: Stop Flying, Renounce Religion


You were on level 4 of the Swamp.
You worshipped Vehumet.
Vehumet was exalted by your worship.
You visited 5 branches of the dungeon, and saw 28 of its levels.
You also visited: Gauntlet and Ice Cave.

You collected 3414 gold pieces.
You spent 354 gold pieces at shops.

Inventory:

Hand Weapons
 a - a +8 vorpal demon blade (weapon)
 b - the +5 long sword "Ihyomuit" {holy, rElec Int+3}
   (You found it on level 5 of the Dungeon)

   It has been blessed by the Shining One to cause great damage to the undead
   and demons.
   It affects your intelligence (+3).
   It insulates you from electricity.
 w - a +0 demon blade of venom
Missiles
 g - 2 throwing nets
 G - 17 curare-tipped darts
Armour
 p - the +2 ring mail of Loss {rF++ rC+ MP+9 Str-4}
   (You found it on level 3 of the Swamp)

   It affects your strength (-4).
   It greatly protects you from fire.
   It protects you from cold.
   It affects your magic capacity (+9).
 v - a +2 pair of gloves (worn)
 D - a +3 buckler (worn)
 P - the +6 leather armour "Ilemahyris" (worn) {Will++ Str+4 Int-2 SInv}
   (You found it on level 9 of the Dungeon)

   It affects your strength (+4).
   It affects your intelligence (-2).
   It affects your willpower, your defense against some magical effects.
   It lets you see invisible.
 R - a +2 hat (worn)
 S - a +2 cloak (worn)
Jewellery
 e - an uncursed ring of resist corrosion
 i - a +4 ring of protection
 n - an uncursed ring of see invisible
 A - the ring of Egeurru (right hand) {rPois Str+6}
   (You found it in a Gauntlet)

   [ring of strength]

   It affects your strength (+6).
   It protects you from poison.
 F - an uncursed ring of ice
 L - an amulet of reflection (around neck)
 O - a +6 ring of intelligence (left hand)
 W - an uncursed ring of protection from fire
Wands
 y - a wand of acid (39)
 B - a wand of enslavement (20)
 I - a wand of digging (11)
 K - a wand of disintegration (37)
 M - a wand of iceblast (23)
Scrolls
 c - 5 scrolls of magic mapping
 j - 5 scrolls of immolation
 k - 12 scrolls of remove curse
 x - 3 scrolls of holy word
 C - 4 scrolls of fog
 V - 2 scrolls of silence
Potions
 d - 3 potions of mutation
 f - 5 potions of brilliance
 l - 13 potions of curing
 m - 10 potions of ambrosia
 r - 4 potions of magic
 s - a potion of haste
 t - a potion of might
 u - 7 potions of attraction
 H - 7 potions of lignification
 J - a potion of berserk rage
 T - a potion of resistance
 Y - a potion of invisibility
Miscellaneous
 E - a lightning rod (3/4)
 N - a box of beasts


   Skills:
 + Level 13.1 Fighting
 * Level 13.4 Long Blades
 - Level 8.0 Dodging
 - Level 2.0 Stealth
 - Level 4.0 Shields
 + Level 12.4 Spellcasting
 - Level 12.0 Conjurations
 - Level 4.0 Transmutations
 * Level 10.0 Fire Magic
 - Level 6.0 Ice Magic
 * Level 15.8 Air Magic
 - Level 4.0 Earth Magic
 - Level 4.0 Poison Magic


You had 4 spell levels left.
You knew the following spells:

 Your Spells              Type           Power        Failure   Level
a - Shock                 Conj/Air       100%         0%          1
b - Swiftness             Air            72%          0%          2
c - Olgreb's Toxic Radia  Pois           32%          2%          4
d - Airstrike             Air            36%          1%          4
e - Lightning Bolt        Conj/Air       34%          1%          5
f - Mephitic Cloud        Conj/Pois/Air  58%          1%          3
g - Ignite Poison         Fire/Tmut/Pois 42%          1%          3
h - Frozen Ramparts       Ice            82%          1%          3
i - Passwall              Tmut/Erth      26%          1%          2
J - Tornado               Air            36%          86%         9

Your spell library contained the following spells:

 Spells                   Type           Power        Failure   Level
 Ozocubu's Refrigeration  Ice            20%          17%         6
 Foxfire                  Conj/Fire      100%         1%          1
 Sandblast                Erth           64%          1%          1
 Sting                    Tmut/Pois      100%         1%          1
 Poisonous Vapours        Pois/Air       100%         1%          2
 Conjure Flame            Conj/Fire      60%          1%          3
 Dazzling Flash           Conj/Hex       82%          1%          3
 Inner Flame              Hex/Fire       37%          1%          3
 Static Discharge         Conj/Air       68%          1%          3
 Stone Arrow              Conj/Erth      100%         1%          3
 Sticky Flame             Conj/Fire      60%          1%          4
 Summon Lightning Spire   Summ/Air       50%          1%          4
 Ensorcelled Hibernation  Hex/Ice        56%          2%          2
 Corona                   Hex            15%          4%          1
 Petrify                  Tmut/Erth      32%          10%         4
 Confusing Touch          Hex            14%          16%         3
 Gell's Gravitas          Tloc           7%           16%         3
 Tukima's Dance           Hex            14%          16%         3
 Fireball                 Conj/Fire      30%          1%          5
 Irradiate                Conj/Tmut      25%          1%          5
 Conjure Ball Lightning   Conj/Air       34%          1%          6
 Freezing Cloud           Conj/Ice/Air   30%          2%          6
 Starburst                Conj/Fire      30%          2%          6
 Silence                  Hex/Air        25%          5%          5
 Lee's Rapid Deconstruct  Erth           16%          7%          5
 Yara's Violent Unravell  Hex/Tmut       11%          16%         5
 Alistair's Intoxication  Tmut/Pois      21%          26%         5
 Chain Lightning          Conj/Air       34%          28%         8
 Metabolic Englaciation   Hex/Ice        14%          38%         5
 Ignition                 Fire           28%          75%         8
 Summon Demon             Summ           7%           80%         5
 Summon Forest            Summ/Tloc      7%           80%         5
 Summon Mana Viper        Hex/Summ       14%          80%         5
 Hydra Form               Tmut           16%          83%         6
 Statue Form              Tmut/Erth      21%          83%         6
 Lehudib's Crystal Spear  Conj/Erth      25%          95%         8
 Shadow Creatures         Summ           N/A          100%        6
 Dragon Form              Tmut           16%          100%        7
 Summon Hydra             Summ           7%           100%        7
 Absolute Zero            Ice            20%          100%        9
 Fire Storm               Conj/Fire      30%          100%        9


Dungeon Overview and Level Annotations

Branches:
Dungeon (15/15)            Temple (1/1) D:4            Lair (6/6) D:11
  Swamp (4/4) Lair:4        Snake (0/4) Lair:4        Slime (0/5) Lair:5
    Orc (2/2) D:12            Elf (0/3) Orc:2        Vaults (0/5) D:13
 Depths (0/5) D:15          IceCv (visited)         Gauntlet (visited)

Altars:
Ashenzari
Cheibriados
Dithmenos
Elyvilon
Fedhas
Gozag
Hepliaklqana
Kikubaaqudgha
Makhleb
Nemelex Xobeh
Okawaru
Qazlal
Ru
Sif Muna
Trog
Uskayaw
Vehumet
Wu Jian
Xom
Yredelemnul
Zin
The Shining One
Beogh

Shops:
D:4 *   D:13 *   Orc:2 *[[}

Annotations:
D:12 2 runed translucent doors, Exporg's ghost, journeyman FoFi
Swamp:3 1 runed translucent door, contendunt's ghost, adept MiFi


Innate Abilities, Weirdness & Mutations

You have a beak for a mouth.
You have claws for feet.
You can fly continuously.


Message History

* * * LOW HITPOINT WARNING * * *
The five-headed hydra bites you.
* * * LOW HITPOINT WARNING * * *
The five-headed hydra bites you.
* * * LOW HITPOINT WARNING * * *
A swamp dragon comes into view.
A swamp worm comes into view.
The swamp dragon roars deafeningly!
Found a manual of Short Blades.
A five-headed hydra comes into view.
Okay, then.
Evoke which item? (* to show all) (? for menu, Esc to quit)
Okay, then.
Okay, then.
Casting: Lightning Bolt (safe; 1% risk of failure)
Confirm with . or Enter, or press ? or * to list all spells.
The spell is potentially lethal to cast (86% risk of failure)!
Continue anyway?
You miscast Tornado.
You are contaminated with residual magic.
You are caught in an explosion of electrical discharges!!!
You die...

..♣.≈≈≈≈≈≈≈≈≈.
≈.....≈≈≈≈≈≈.
.≈≈≈≈≈≈≈≈≈.≈
♣♣.≈≈≈≈≈≈§≈≈.
♣≈...:≈≈≈≈≈≈.
≈♣♣≈.≈≈≈≈§≈≈≈..
♣w..≈≈≈≈DD≈≈≈..
♣≈.≈≈.@≈♣
♣♣≈≈≈≈D#♣
♣≈w≈.≈♣##
♣♣♣.≈≈i♣
♣♣≈...v♣ ≈.
♣♣♣≈≈≈..♣
≈≈≈♣♣..≈..≈.#
≈≈.♣.≈≈≈≈...
≈≈≈§≈...≈≈≈#♣


You could see a five-headed hydra, 2 swamp dragons, a spriggan druid, a
will-o-the-wisp (wandering) and 2 swamp worms.

Vanquished Creatures
  Kirke (Swamp:3)
  Gastronok (D:10)
  Nessos (Lair:6)
  2 bunyips
  A minotaur (Gauntlet)
  2 dire elephants
  Josephine (D:10)
  Snorg (Lair:5)
  A death ooze (Gauntlet)
  2 eleionomae
  A great orb of eyes (D:15)
  Fannar (Lair:1)
  4 vault guards
  A ghost crab (Swamp:3)
  3 boulder beetles
  A catoblepas (D:15)
  5 centaur warriors
  13 hydras
  A death knight (D:13)
  5 alligators
  4 two-headed ogres
  A death scarab (Gauntlet)
  20 death yaks
  7 orc high priests
  Sonja (Lair:4)
  5 skeletal warriors
  An unseen horror (D:11)
  2 spriggan druids (Swamp:1)
  A spectral hydra (Gauntlet)
  A wizard (D:14)
  A goliath frog (Swamp:1)
  A lindwurm (Lair:6)
  3 bog bodies
  3 swamp dragons
  Pikel (D:5)
  A wolf spider zombie (D:14)
  8 orc knights (Orc:2)
  3 ugly things
  3 oklob plants
  4 manticores
  2 orc sorcerers
  A will-o-the-wisp (Lair:4)
  A guardian serpent (shapeshifter) (D:15)
  5 cyclopes
  6 centaur zombies (D:14)
  19 elephants
  A salamander (D:15)
  2 ice statues (IceCv)
  9 black mambas
  A torpor snail (Lair:4)
  3 gargoyles
  Maggie (D:6)
  13 komodo dragons
  10 rime drakes
  A kobold demonologist (D:15)
  18 cane toads
  A redback zombie (D:14)
  2 ice devils (Lair:6)
  A guardian mummy (D:14)
  A queen bee (Lair:1)
  10 trolls
  2 polar bears
  7 tyrant leeches
  8 slime creatures
  4 hornets
  19 blink frogs
  6 dream sheep
  4 shadows
  8 spriggans
  5 wyverns
  56 yaks
  9 basilisks
  6 wraiths
  A fire elemental (Orc:1)
  5 vampire mosquitoes
  Grum (D:9)
  6 wargs
  A steam dragon (D:12)
  A two-headed ogre zombie (D:12)
  17 swamp worms
  24 water moccasins
  5 small abominations (Gauntlet)
  Duvessa (D:4)
  2 sky beasts
  3 black bears
  An eye of draining (D:9)
  2 necrophages
  15 ice beasts
  6 phantoms
  37 orc warriors
  10 ogres
  19 wolves
  19 centaurs
  A lemure (D:4)
  A big kobold (D:13)
  Blork the orc (D:4)
  33 bullfrogs
  Dowan (D:4)
  A wyvern zombie (D:8)
  4 scorpions
  22 killer bees
  5 wights (D:13)
  5 electric eels
  5 bullfrog zombies
  A crimson imp (D:14)
  3 quasits
  4 hounds
  11 jellies
  4 centaur skeletons
  A gnoll shaman (D:4)
  37 orc priests
  2 bullfrog skeletons
  A hell rat (Lair:6)
  24 orc wizards
  5 worker ants
  7 ogre zombies (D:12)
  A hound zombie (D:11)
  A howler monkey zombie (D:6)
  10 gnolls
  13 adders
  4 shadow imps
  3 white imps
  3 ufetubi
  3 oozes
  An adder skeleton (D:7)
  An adder zombie (D:5)
  6 worms
  A dart slug (D:2)
  5 leopard geckos
  83 orcs
  3 ball pythons
  13 bats
  5 giant cockroaches
  7 goblins
  5 hobgoblins (D:2)
  5 iguanas
  3 jackals (D:9)
  3 quokkas
  5 frilled lizards
  A giant cockroach zombie (D:5)
  A goblin skeleton (D:12)
  2 goblin zombies (D:12)
  4 hobgoblin zombies (D:12)
  8 kobolds
  3 orc skeletons (D:12)
  14 orc zombies (D:12)
  11 rats
944 creatures vanquished.

Vanquished Creatures (collateral kills)
  A death scarab (Gauntlet)
  A spectral death yak (Gauntlet)
  2 yaks (Lair:4)
4 creatures vanquished.

Vanquished Creatures (others)
  An alligator (Swamp:3)
  6 humans (Swamp:3)
  An orc (D:12)
  16 foxfires (Lair:4)
  48 fungi
  157 plants
  4 withered plants
233 creatures vanquished.

Grand Total: 1181 creatures vanquished

Notes
Turn   | Place    | Note
-------+----------+-------------------------------------------
     0 | D:1      | sipior the Tengu Air Elementalist began the quest for the
                  | Orb.
     0 | D:1      | Reached XP level 1. HP: 10/10 MP: 4/4
   580 | D:1      | Reached XP level 2. HP: 12/16 MP: 1/6
   909 | D:1      | Learned a level 2 spell: Swiftness
  1139 | D:2      | Reached XP level 3. HP: 20/20 MP: 5/7
  1274 | D:2      | Reached skill level 1 in Fighting
  1328 | D:2      | Reached XP level 4. HP: 23/25 MP: 0/8
  1403 | D:2      | Learned a level 3 spell: Static Discharge
  2243 | D:2      | Found a burning altar of Makhleb.
  2243 | D:2      | Found a glowing golden altar of the Shining One.
  2567 | D:2      | Gained mutation: You can fly continuously. [Tengu growth]
  2567 | D:2      | Reached XP level 5. HP: 29/30 MP: 4/9
  3149 | D:3      | Reached skill level 5 in Air Magic
  3566 | D:3      | Reached XP level 6. HP: 35/35 MP: 7/11
  3600 | D:3      | Found a shimmering altar of Xom.
  4371 | D:4      | Reached XP level 7. HP: 28/40 MP: 5/13
  4479 | D:4      | Learned a level 4 spell: Airstrike
  4479 | D:4      | Reached skill level 9 in Air Magic
  4479 | D:4      | Reached XP level 8. HP: 52/52 MP: 13/18
  4491 | D:4      | Found Mytsevim's General Store.
  4495 | D:4      | Bought a scroll of remove curse for 30 gold pieces
  4550 | D:4      | Noticed Blork the orc
  4652 | D:4      | Learned a level 5 spell: Lightning Bolt
  4737 | D:4      | Killed Blork the orc
  4865 | D:4      | Found a staircase to the Ecumenical Temple.
  4990 | Temple   | Entered the Ecumenical Temple
  5172 | Temple   | Became a worshipper of Vehumet
  5303 | D:4      | Noticed Duvessa
  5306 | D:4      | Noticed Dowan
  5320 | D:4      | Killed Duvessa
  5333 | D:4      | Killed Dowan
  5624 | D:4      | Bought a scroll of brand weapon for 200 gold pieces
  5638 | D:5      | Entered Level 5 of the Dungeon
  5848 | D:5      | Noticed Pikel
  5991 | D:5      | Got a scorched long sword
  6017 | D:5      | Identified the +5 long sword "Ihyomuit" {holy, rElec Int+3}
                  | (You found it on level 5 of the Dungeon)
  6154 | D:5      | Killed Pikel
  6155 | D:5      | Reached XP level 9. HP: 50/56 MP: 19/19
  6710 | D:6      | Reached skill level 10 in Air Magic
  7043 | D:6      | Reached skill level 1 in Shields
  7085 | D:6      | Reached * piety under Vehumet
  7085 | D:6      | Offered knowledge of Sandblast by Vehumet.
  7229 | D:6      | Noticed Maggie
  7723 | D:6      | Killed Maggie
  7724 | D:6      | Reached XP level 10. HP: 61/63 MP: 21/21
  9049 | D:8      | Noticed a two-headed ogre
  9108 | D:7      | Killed a two-headed ogre
  9109 | D:7      | Reached skill level 10 in Conjurations
  9768 | D:8      | Found a sparkling altar of Nemelex Xobeh.
  9932 | D:9      | Noticed a cyclops
 10005 | D:9      | Reached ** piety under Vehumet
 10177 | D:9      | Offered knowledge of Foxfire by Vehumet.
 10204 | D:9      | Noticed Grum
 10266 | D:9      | Killed Grum
 10266 | D:9      | Killed a cyclops
 10436 | D:9      | Reached skill level 11 in Air Magic
 10471 | D:9      | Reached XP level 11. HP: 56/68 MP: 23/23
 10719 | D:9      | Got a faintly glowing leather armour
 10720 | D:9      | Identified the +6 leather armour "Ilemahyris" {Will++ Str+4
                  | Int-2 SInv} (You found it on level 9 of the Dungeon)
 11083 | D:9      | Got a jewelled spear
 11333 | D:10     | Entered Level 10 of the Dungeon
 11372 | D:10     | Offered knowledge of Mephitic Cloud by Vehumet.
 11377 | D:10     | Learned a level 3 spell: Mephitic Cloud
 11438 | D:10     | Noticed Josephine
 11520 | D:10     | Killed Josephine
 11521 | D:10     | Reached skill level 1 in Long Blades
 11692 | D:10     | Noticed Gastronok
 11907 | D:10     | Killed Gastronok
 12030 | D:10     | Reached *** piety under Vehumet
 12062 | D:10     | Found an ancient bone altar of Kikubaaqudgha.
 12204 | D:10     | Offered knowledge of Ignite Poison by Vehumet.
 12318 | D:10     | Learned a level 3 spell: Ignite Poison
 13151 | D:11     | Noticed an unseen horror
 13164 | D:11     | Killed an unseen horror
 13178 | D:11     | Reached skill level 12 in Air Magic
 13287 | D:11     | Reached XP level 12. HP: 75/75 MP: 22/25
 13295 | D:11     | Reached skill level 1 in Poison Magic
 13437 | D:11     | Found a staircase to the Lair.
 13439 | D:11     | You fall into a shaft and drop 2 floors!
 13636 | D:12     | Found a large runed translucent door.
 13636 | D:12     | Found a large runed translucent door.
 13636 | D:12     | Noticed Exporg's ghost (journeyman FoFi)
 13666 | D:13     | Reached **** piety under Vehumet
 13725 | D:13     | Noticed a centaur warrior
 13753 | D:13     | Killed a centaur warrior
 13873 | D:13     | Noticed a vault guard
 13890 | D:13     | Found Ciblal's Assorted Antiques.
 13899 | D:13     | Bought a scroll of identify for 62 gold pieces
 13903 | D:13     | Bought a scroll of identify for 62 gold pieces
 13903 | D:13     | Identified the +2 spear of Peace {vorpal, Will+ Stlth+}
                  | (You found it on level 9 of the Dungeon)
 14009 | D:13     | Noticed a boulder beetle
 14020 | D:13     | Killed a boulder beetle
 14021 | D:13     | Reached skill level 5 in Long Blades
 14212 | D:13     | Noticed a vault guard
 14327 | D:11     | Offered knowledge of Frozen Ramparts by Vehumet.
 14332 | D:11     | Learned a level 3 spell: Frozen Ramparts
 14702 | D:11     | Reached skill level 1 in Transmutations
 15057 | D:11     | Identified a scroll of acquirement
 15057 | D:11     | Acquired a +5 demon blade of venom
 15115 | Lair:1   | Entered Level 1 of the Lair of Beasts
 15247 | Lair:1   | Got a faintly glowing ring mail
 15397 | Lair:1   | Noticed Fannar
 15417 | Lair:1   | Killed Fannar
 16194 | Lair:1   | Reached XP level 13. HP: 56/82 MP: 25/27
 16350 | Lair:2   | Reached ***** piety under Vehumet
 16359 | Lair:2   | Offered knowledge of Hailstorm by Vehumet.
 16406 | Lair:1   | Identified the cursed +1 ring mail "Tomeryi" {rElec} (You
                  | found it on level 1 of the Lair of Beasts)
 16453 | Lair:2   | Reached skill level 10 in Fighting
 17566 | Lair:2   | Reached skill level 1 in Ice Magic
 18445 | Lair:3   | Got a jewelled hunting sling
 19102 | Lair:3   | Reached skill level 10 in Spellcasting
 19415 | Lair:3   | Learned a level 2 spell: Passwall
 19754 | Lair:4   | Found a staircase to the Snake Pit.
 19906 | Lair:4   | Noticed Sonja
 19926 | Lair:4   | Found a gate leading to a gauntlet.
 19935 | Gauntlet | Entered a Gauntlet
 19935 | Gauntlet | Found a transporter.
 19935 | Gauntlet | Found a transporter.
 19988 | Gauntlet | Found a transporter.
 19988 | Gauntlet | Found a transporter.
 19990 | Gauntlet | Noticed a death ooze
 20000 | Gauntlet | Found a transporter.
 20007 | Gauntlet | Found a transporter.
 20017 | Gauntlet | Found a transporter.
 20017 | Gauntlet | Found a transporter.
 20022 | Gauntlet | Found a transporter.
 20049 | Gauntlet | Found a transporter.
 20056 | Gauntlet | Found a transporter.
 20074 | Gauntlet | Found a transporter.
 20119 | Gauntlet | Found a transporter.
 20133 | Gauntlet | Found a transporter.
 20236 | Gauntlet | Found a transporter.
 20238 | Gauntlet | Noticed a reaper
 20250 | Gauntlet | Found a transporter.
 20509 | Gauntlet | Got a faintly humming cloak
 20545 | Gauntlet | Identified the +0 cloak of Valour {Will+} (You found it in
                  | a Gauntlet)
 20598 | Gauntlet | Killed a death ooze
 20717 | Gauntlet | Reached skill level 1 in Earth Magic
 20742 | Gauntlet | Got a glittering tin ring
 20846 | Gauntlet | Identified the ring of Egeurru {rPois Str+6} (You found it
                  | in a Gauntlet)
 20881 | Gauntlet | Noticed a minotaur
 20885 | Gauntlet | Killed a minotaur
 20894 | Gauntlet | Identified the Grimoire of Shifting Flight
 21544 | Lair:4   | Reached XP level 14. HP: 88/88 MP: 13/29
 22064 | Lair:3   | Identified the +1 hunting sling of Reasonable Defence
                  | {speed, rN+ MP+9 Int-3} (You found it on level 3 of the
                  | Lair of Beasts)
 22261 | Lair:4   | Killed Sonja
 23027 | Lair:4   | Found a staircase to the Swamp.
 23816 | Lair:4   | Reached skill level 5 in Ice Magic
 23835 | Lair:4   | Offered knowledge of Yara's Violent Unravelling by Vehumet.
 25157 | Lair:5   | Reached skill level 1 in Fire Magic
 25157 | Lair:5   | Reached XP level 15. HP: 96/96 MP: 27/31
 25466 | Lair:5   | Reached skill level 10 in Long Blades
 25724 | Lair:5   | Found a staircase to the Slime Pits.
 25816 | Lair:5   | Learned a level 4 spell: Olgreb's Toxic Radiance
 25826 | Lair:5   | Learned a level 9 spell: Tornado
 26603 | Lair:6   | Entered Level 6 of the Lair of Beasts
 26668 | Lair:6   | Found a frozen archway.
 26817 | IceCv    | Entered an ice cave
 26843 | IceCv    | Found a transporter.
 26985 | IceCv    | Found a transporter.
 27429 | Lair:6   | Offered knowledge of Bolt of Magma by Vehumet.
 27517 | Lair:6   | Found the +7 mace of Variability {chain chaos}
 27881 | Lair:6   | Noticed Snorg
 27902 | Lair:5   | Killed Snorg
 28125 | Lair:6   | Noticed Nessos
 28138 | Lair:6   | Killed Nessos
 28698 | Lair:6   | Reached skill level 13 in Air Magic
 28743 | Lair:6   | Reached skill level 5 in Fire Magic
 30023 | D:12     | Found a staircase to the Orcish Mines.
 30156 | D:12     | Offered knowledge of Eringya's Noxious Bog by Vehumet.
 30592 | D:12     | Reached XP level 16. HP: 86/102 MP: 32/32
 31130 | D:13     | Found a gate to the Vaults.
 32688 | D:14     | Reached skill level 14 in Air Magic
 33675 | D:15     | Entered Level 15 of the Dungeon
 33844 | D:15     | Found a staircase to the Depths.
 35144 | Orc:1    | Entered Level 1 of the Orcish Mines
 35331 | Orc:1    | Reached ****** piety under Vehumet
 35426 | Orc:1    | Offered knowledge of Iron Shot by Vehumet.
 35809 | Orc:1    | Found a roughly hewn altar of Beogh.
 36010 | Orc:2    | Entered Level 2 of the Orcish Mines
 36243 | Orc:2    | Found a staircase to the Elven Halls.
 37394 | Orc:2    | Reached skill level 15 in Air Magic
 37484 | Orc:2    | Reached XP level 17. HP: 93/108 MP: 34/34
 37700 | Orc:2    | Found Legiahaj's Gadget Shoppe.
 37700 | Orc:2    | Found Exiy's General Store.
 37701 | Orc:2    | Found Geybb's Antique Armour Shoppe.
 37701 | Orc:2    | Found Seew's Armour Emporium.
 37789 | Orc:2    | Found a roughly hewn altar of Beogh.
 37795 | Orc:2    | Offered knowledge of Spellforged Servitor by Vehumet.
 38394 | Swamp:1  | Entered Level 1 of the Swamp
 40652 | Swamp:2  | Found a sacrificial altar of Ru.
 41650 | Swamp:3  | Noticed Kirke
 41655 | Swamp:3  | Killed Kirke
 41678 | Swamp:3  | HP: 3/108 [bog body/bolt of cold (23)]
 42139 | Swamp:3  | Offered knowledge of Ozocubu's Refrigeration by Vehumet.
 42242 | Swamp:3  | Reached skill level 10 in Fire Magic
 42664 | Swamp:3  | Found a runed translucent door.
 42665 | Swamp:3  | Identified the cursed +1 trident "Esott" {vorpal, rElec rF+
                  | rC-}
 42665 | Swamp:3  | Identified the cursed +1 lajatang of Extinguishment {drain,
                  | MP+9 Str+3 Int+2 Dex+3}
 42667 | Swamp:3  | Found the +2 cloak of the Thief {*Fog Slay-2 SInv Stlth+}
 42683 | Swamp:3  | Noticed contendunt's ghost (adept MiFi)
 42986 | Swamp:3  | Identified the +2 ring mail of Loss {rF++ rC+ MP+9 Str-4}
                  | (You found it on level 3 of the Swamp)
 43209 | Swamp:4  | Entered Level 4 of the Swamp
 43293 | Swamp:4  | HP: 5/108 [five-headed hydra (6)]
 43294 | Swamp:4  | Killed by miscasting Tornado

Illustrated notes

Levels and vault maps discovered:
D:1:      dpeg_arrival_renting, layout_loops_ring
D:2:      minmay_thinvault, layout_loops_ring,
          gammafunk_temple_overflow_elements
D:3:      layout_basic, minivault_26, dk_xom_monty_hall
D:4:      layout_gridville, minmay_temple_entry_purple_smoke, serial_shops,
          shop, corexii_leaking_fountain, uniq_blork_the_orc, uniq_duvessa
D:5:      layout_loops_ring, uniq_pikel
D:6:      layout_rooms, uniq_maggie
D:7:      layout_loops_corners
D:8:      layout_rooms, nemelex_altar_shiori
D:9:      layout_irregular_city, uniq_grum
D:10:     layout_loops_ring, basic_altar, uniq_josephine, uniq_gastronok
D:11:     layout_roguey, david_lair_shrubbed, serial_bayou, serial_bayou_ford_a,
          serial_bayou_crossing, serial_bayou_pond_e, serial_bayou_shore_b,
          kennysheep_small_circle
D:12:     layout_irregular_city, zombieorc2_lemuel, ebering_ghost_disaster_area
D:13:     layout_roguey, lightli_vaults_fourway_checkpoint, serial_shops, shop
D:14:     layout_basic, serial_undead, serial_undead_e, serial_undead_d,
          serial_undead_e, serial_undead_f, minivault_19, lightli_wizard_tower
D:15:     hangedman_depths_entry_try_elsewhere_first, layout_stronghold,
          hangedman_decor_points, wad_rectangle_vault
Temple:   compressed_dpeg_circular_temple
Lair:1:   layout_roguey, uniq_fannar
Lair:2:   layout_cave_pods, special_room [special_room_bee], serial_forest,
          infiniplex_forest_clump_medium, infiniplex_forest_lined_2,
          infiniplex_forest_straight_2, infiniplex_forest_clump_diagonal,
          infiniplex_forest_lined_2, infiniplex_forest_lined_ring,
          infiniplex_forest_clump_double, forest_entry_grove
Lair:3:   layout_cave_pods, infiniplex_staircase_pool, grunt_megastairs_4,
          serial_bayou_shore_a, minmay_lair_oklob_chamber
Lair:4:   nzn_winding_woodlands_huge [nzn_winding_woodlands_5x15_zeroes,
          nzn_winding_woodlands_5x15_jagged,
          nzn_winding_woodlands_5x15_sawtooth,
          nzn_winding_woodlands_5x15_longhouse,
          nzn_winding_woodlands_5x15_split_checker,
          nzn_winding_woodlands_5x15_eye,
          nzn_winding_woodlands_5x15_pathside_ponds,
          nzn_winding_woodlands_5x15_cabin,
          nzn_winding_woodlands_5x15_river_crossing,
          nzn_winding_woodlands_5x15_sidewinder,
          nzn_winding_woodlands_center_diamonds,
          nzn_winding_woodlands_center_garden,
          nzn_winding_woodlands_15x15_thick_spiral], layout_regular_city,
          minmay_swamp_entry_wisps, dummy_snake_entry, gauntlet_entry_generic,
          minmay_lair_drake_nest, uniq_sonja
Lair:5:   layout_cave_pods, nicolae_slime_entry_slimehenge,
          beast_lair_carwin_10, infiniplex_staircase_pool_2, grunt_megastairs_1
Lair:6:   hangedman_lair_in_review, layout_misc_corridors,
          portal_ice_cave_demonic_guard, chequers_serial_rivers_micro_a,
          uniq_nessos, uniq_snorg
Swamp:1:  layout_falls_marsh, evilmike_swamp_ruin_house_5
Swamp:2:  layout_falls_marsh, nicolae_swamp_stair_fork, swamp_pool3,
          lemuel_altar_in_water2
Swamp:3:  layout_falls_marsh, ebering_ghost_funeral_grove,
          nicolae_swamp_triple_paths, swamp_pool2, hangedman_swamp_diagram,
          uniq_kirke
Swamp:4:  swamp_alternative, layout_basic_swamp
Orc:1:    layout_diamond_mine, basic_altar, nicolae_orc_damp_corner,
          nicolae_orc_lava_tube
Orc:2:    st_orc_pillars, layout_caves, basic_altar, mines3_lemuel

Skill      XL: |  1  2  3  4  5  6  7  8  9 10 11 12 13 14 15 16 17 |
---------------+----------------------------------------------------+-----
Conjurations   | 2 3 4 8 9 10 11 12 | 12.0
Fighting       | 1 2 6 7 8 9 10 11 12 13 | 13.1
Dodging        | 3 7 8 |  8.0
Air Magic      | 5 9 10 11 12 13 15 | 15.8
Spellcasting   | 3 6 7 8 9 10 11 12 | 12.4
Shields        | 2 3 4 |  4.0
Long Blades    | 4 6 8 9 11 12 13 | 13.4
Poison Magic   | 4 |  4.0
Transmutations | 2 4 |  4.0
Ice Magic      | 3 5 6 |  6.0
Earth Magic    | 1 4 |  4.0
Fire Magic     | 1 6 8 10 | 10.0
Stealth        | |  2.0

Action                   |  1- 3 |  4- 6 |  7- 9 | 10-12 | 13-15 | 16-18 || total
-------------------------+-------+-------+-------+-------+-------+-------++-------
Melee: Whip              |       |    14 |     4 |       |       |       ||    18
       Kick              |       |     4 |    21 |   142 |   285 |   256 ||   708
       Peck              |       |     1 |    14 |    95 |   163 |   158 ||   431
       Long sword        |       |       |    34 |   256 |    99 |    70 ||   459
       Demon blade       |       |       |       |    74 |   590 |   534 ||  1198
 Cast: Shock             |    35 |   149 |   202 |   140 |    47 |     5 ||   578
       Swiftness         |       |       |     1 |       |       |       ||     1
       Lightning Bolt    |       |       |       |    74 |   219 |   225 ||   518
       Mephitic Cloud    |       |       |       |     8 |     8 |     4 ||    20
       Ignite Poison     |       |       |       |     2 |       |     1 ||     3
       Airstrike         |       |       |       |       |     4 |       ||     4
       Frozen Ramparts   |       |       |       |       |     1 |     1 ||     2
       Olgreb's Toxic Ra |       |       |       |       |     1 |       ||     1
 Abil: Fly               |       |     1 |       |       |     1 |       ||     2
       Stop Flying       |       |       |       |     1 |       |       ||     1
Evoke: Wand              |       |       |       |     1 |     8 |     3 ||    12
       Box of beasts     |       |       |       |       |     1 |       ||     1
       Lightning rod     |       |       |       |       |     2 |     3 ||     5
  Use: Scroll            |       |       |    18 |    21 |    21 |    12 ||    72
       Potion            |       |       |     1 |     2 |    11 |     9 ||    23
 Stab: Sleeping          |       |       |     3 |     4 |       |     1 ||     8
       Confused          |       |       |       |     3 |     1 |       ||     4
       Distracted        |       |       |       |     1 |     1 |     2 ||     4
Armor: Robe              |     1 |     4 |       |       |       |       ||     5
       Leather armour    |       |     3 |     4 |    60 |   110 |   113 ||   290
       Ring mail         |       |       |     4 |    25 |    18 |       ||    47
Dodge: Dodged            |    12 |    40 |    82 |   279 |   402 |   325 ||  1140
Block: Buckler           |       |       |    10 |   204 |   408 |   330 ||   952
       Reflection        |       |       |       |       |    11 |    34 ||    45
       Rpst.: Long sword |       |       |    23 |    46 |    25 |     8 ||   102
       Demon blade       |       |       |       |    26 |    87 |    59 ||   172
